 Dungeon Crawl Stone Soup version 0.27.1-3-gb3d3a73c9e (webtiles) character file.

Game seed: 12834871178504565113

26 Descartes the Firebug (level 2, -11/15 HPs)
             Began as a Deep Elf Fire Elementalist on Oct 8, 2021.
             Killed from afar by an orc wizard (13 damage)
             ... with a puff of flame
             ... on level 1 of the Dungeon.
             The game lasted 00:01:39 (1492 turns).

Descartes the Firebug (Deep Elf Fire Elementalist)  Turns: 1492, Time: 00:01:40

Health: -11/15     AC:  2    Str:  5    XL:     2   Next: 89%
Magic:  13/17      EV: 13    Int: 19    God:
Gold:   106        SH:  0    Dex: 15    Spells: 6/7 levels left

rFire    . . .     SeeInvis .   (no weapon)
rCold    . . .     Faith    .   (no shield)
rNeg     . . .     Spirit   .   a - +0 robe
rPois    .         Reflect  .   (no helmet)
rElec    .         Harm     .   (no cloak)
rCorr    .         Rampage  .   (no gloves)
Will     .....                  (no boots)
Stlth    ++........             (no amulet)
HPRegen  0.05/turn              e - ring of magical power
MPRegen  0.15/turn              (no ring)

@: no status effects
A: no striking features
a: no special abilities


You were on level 1 of the Dungeon.
You visited 1 branch of the dungeon, and saw 2 of its levels.

You collected 106 gold pieces.

Inventory:

Armour
 a - a +0 robe (worn)
Jewellery
 e - a ring of magical power (left hand)
Scrolls
 b - 2 scrolls of identify {unknown}
 d - a scroll of holy word {unknown}
Potions
 c - a potion of heal wounds {unknown}


   Skills:
 + Level 2.8 Dodging
 + Level 3.0 Stealth
 + Level 3.4 Spellcasting
 + Level 1.6 Conjurations
 + Level 3.5 Fire Magic


You had 6 spell levels left.
You knew the following spells:

 Your Spells              Type           Power      Damage    Failure   Level
a - Foxfire               Conj/Fire      52%        2x1d6     4%          1

Your spell library contained the following spells:

 Spells                   Type           Power      Damage    Failure   Level
 Conjure Flame            Conj/Fire      13%        6-21      16%         3
 Sublimation of Blood     Necr           1%         N/A       22%         2
 Wereblood                Tmut           3%         N/A       22%         2
 Inner Flame              Hex/Fire       10%        N/A       22%         3
 Sticky Flame             Conj/Fire      13%        2d4       45%         4
 Fireball                 Conj/Fire      6%         3d5       80%         5
 Summon Hydra             Summ           1%         N/A       100%        7


Dungeon Overview and Level Annotations

Branches:
Dungeon (2/15)

Altars:


Message History

The orc wizard points at you and mumbles some strange words.
You resist with significant effort.
The orc wizard hits you with a +0 dagger.
You bump into the rock wall.
You feel less confused. The orc wizard completely misses you.
Found a scroll labelled NOMAF ABRU.
Casting: Foxfire (safe; 4% risk of failure)
Confirm with . or Enter, or press ? or * to list all spells.
You conjure some foxfire!
The orc wizard misses you.
Casting: Foxfire (safe; 4% risk of failure)
Confirm with . or Enter, or press ? or * to list all spells.
You conjure some foxfire!
The foxfire hits the orc wizard.
The orc wizard is severely wounded.
The foxfire hits the orc wizard.
The orc wizard is almost dead.
The orc wizard gestures at you while chanting.
The magic dart hits you!
* * * LOW HITPOINT WARNING * * *
The foxfire hits the orc wizard but does no damage.
The orc wizard is severely wounded.
The foxfire hits the orc wizard.
The orc wizard is almost dead.
The orc wizard casts a spell.
The orc wizard flickers and vanishes!
Deactivating autopickup; reactivate with Ctrl-A.
There is a stone staircase leading up here.
Something hits you but does no damage.
You climb upwards.
Reactivating autopickup.
There is a stone staircase leading down here.
You hear some strange, mumbled words.
Deactivating autopickup; reactivate with Ctrl-A.
Something tries to affect you, but you resist.
You hit something but do no damage.
You hear some strange, mumbled words.
A puff of flame appears from out of thin air!
The puff of flame hits you!
Ouch! That really hurt!
You die...

#.#..####.....#)#.##### #.
#.#..#.......#...#.########.
#.##.######...#.#...........
#.##..# #..#.#.#.#########
#.##..## #...#....# #.##...#
#.###..### #.##...## #.#
#.## #.##....#
#.###.############ #^##....#
#@{............... #.##....#
###############... #.##....#
#...... #.##....# #......
#.##...## #......
#.#....########### #......
#.#..)##.........# #......
##...##########.# #......
#...## #.# #......


There were no monsters in sight!

Vanquished Creatures
  A worm (D:2)
  2 orcs (D:2)
  A ball python (D:2)
  3 endoplasms (D:1)
  2 giant cockroaches
  A goblin (D:1)
  A quokka (D:1)
  4 bats
  3 frilled lizards (D:1)
  A kobold (D:1)
19 creatures vanquished.

Vanquished Creatures (others)
  96 foxfires
96 creatures vanquished.

Grand Total: 115 creatures vanquished

Notes
Turn   | Place    | Note
-------+----------+-------------------------------------------
     0 | D:1      | Descartes the Deep Elf Fire Elementalist began the quest
                  | for the Orb.
     0 | D:1      | Reached XP level 1. HP: 10/10 MP: 6/6
   366 | D:1      | Found a faded altar of an unknown god.
   466 | D:1      | Reached XP level 2. HP: 15/15 MP: 6/8
  1492 | D:1      | Killed from afar by an orc wizard

Illustrated notes

Levels and vault maps discovered:
D:1:      lightli_arrival_windingriver, layout_basic,
          hellmonk_ecumenical_altar_zigzags, minmay_tiny_reverse_x
D:2:      layout_basic

Skill      XL: |  1  2 |
---------------+-------+-----
Stealth        | 3 |  3.0
Dodging        | |  2.8
Spellcasting   | |  3.4
Conjurations   | |  1.6
Fire Magic     | |  3.5

Action                   || total
-------------------------++-------
Melee: Unarmed           ||     1
 Cast: Foxfire           ||    57
Armor: Robe              ||     4
Dodge: Dodged            ||    10
